Map: Orbital Shipyard

Players

Pure - Winner!

  • Race: Protoss Protoss
  • League: Master

Guilliman

  • Race: Protoss Protoss
  • League: Diamond

VOD

Have the link to the VOD?

Description

Time

  • Played on: Aug. 23, 2015, 9:35 p.m.
  • Length: 2:55
Show
View Real Time Build Order
Export as new Build Order

Pure Protoss - Winner!

Build Orders:  

Get SALT Encoding   

  12  0:01  Probe  
  13  0:13  Probe  
  14  0:22  Pylon  
  14  0:26  Probe  
  15  0:40  Probe  
  16  0:43  Gateway  
  16  0:45  Assimilator  
  16  0:53  Probe  
  17  1:05  Probe  
  18  1:17  Probe  
  19  1:29  Probe  
  20  1:38  Cybernetics Core  
  20  1:51  Probe  
  21  1:55  Pylon  
  21  2:03  Assimilator  
  21  2:04  Probe  
  22  2:14  Stalker  
  24  2:23  Mothership Core  
Show
View Real Time Build Order
Export as new Build Order

Guilliman Protoss 

Build Orders:  

Get SALT Encoding   

  12  0:02  Probe  
  13  0:14  Probe  
  13  0:20  Pylon  
  14  0:26  Probe  
  15  0:38  Probe  
  16  0:44  Forge  
  16  0:51  Probe  
  17  1:07  Pylon  
  17  1:27  Photon Cannon  
  17  1:30  Pylon  
  17  1:33  Pylon  
  17  1:35  Pylon  
  16  1:47  Photon Cannon  
  15  1:57  Probe  
  16  2:09  Probe  
  16  2:10  Gateway  
  17  2:21  Probe  
  18  2:34  Probe  
  19  2:38  Nexus  
  19  2:45  Pylon  
  19  2:50  Assimilator  
Tags
 
Add a new tag
Caveats
  • Supply blocks, unpowered buildings, or Contaminate may cause inaccurate times.
  • Supply counts are checked every 10 seconds.